AoeStats
← ✚ Quentin [BOT]

Arena

509374910Analyzed
1v1 RM · 4d ago on Sep 26, 2026· 49m 16s· 2 players
Game mode
Random Map
Map size
Tiny (2 player)
Population
200
Speed
Normal
Resources
Standard
Victory
Conquest
Starting age
Dark Age
Ending age
Imperial Age
RankedLock teamsTeams togetherTeam positionsShared explorationLock speedFull tech treeHidden civsTurbo modeCheats
Victory
Defeat
🇦🇹 Inca · Austria
1064
+14
🇺🇸 Byzantines · United States
1026
-14
Mr.Minimine
11:10 Feudal Age
15:06 Castle Age
13:26 Double-Bit Axe
13:28 Horse Collar
16:11 Bow Saw
18:18 Loom
19:08 Wheelbarrow
20:17 Gold Mining
20:37 Heavy Plow
23:35 Stone Mining
24:25 Gold Shaft Mining
28:20 Imperial Age
26:36 Fletching
27:54 Bodkin Arrow
28:09 Thumb Ring
27:45 Crossbowman
28:29 Padded Archer Armor
29:06 Hand Cart
29:31 Crop Rotation
29:44 Bracer
30:29 Arbalester
30:44 Capped Ram
31:54 Conscription
32:58 Siege Ram
33:59 Leather Archer Armor
33:35 Elite Skirmisher
33:38 Pikeman
36:40 Ring Archer Armor
36:37 Scale Barding Armor
37:05 Forging
38:07 Husbandry
38:23 Forging
38:35 Chain Barding Armor
38:06 Elite Cataphract
38:19 Light Cavalry
39:40 Iron Casting
39:46 Stone Shaft Mining
40:33 Careening
40:21 Murder Holes
41:47 Plate Barding Armor
41:57 Onager
44:03 Guilds
45:26 Logistica
47:10 Chemistry
✚ Quentin [BOT]
10:08 Feudal Age
14:42 Castle Age
13:06 Double-Bit Axe
13:05 Horse Collar
17:28 Loom
22:03 Bow Saw
21:56 Stone Mining
22:51 Gold Mining
25:05 Gold Shaft Mining
24:38 Scale Mail Armor
24:48 Forging
24:29 Fletching
24:39 Padded Archer Armor
25:49 Wheelbarrow
24:59 Town Watch
26:24 Chain Mail Armor
26:46 Iron Casting
29:49 Imperial Age
27:42 Hand Cart
27:55 Heavy Plow
28:35 Stone Shaft Mining
29:22 Bodkin Arrow
29:43 Leather Archer Armor
29:43 Squires
29:30 Arson
31:06 Plate Mail Armor
32:20 Blast Furnace
31:13 Champi Runner
32:38 Elite Kamayuk
33:42 Conscription
33:56 Champi Warrior
36:24 Fabric Shields
36:30 Elite Champi Warrior
37:28 Crossbowman
38:15 Bracer
38:46 Ring Archer Armor
38:55 Crop Rotation
38:48 Ballistics
39:33 Chemistry
42:14 Siege Engineers
Connection lost

Rejoining the realm…

Still unreachable

The connection could not be restored.

Session expired

The server has moved on; the page needs a fresh start.